 Dungeon Crawl Stone Soup version 0.30.1-11-g7821555f0a (webtiles) character file.

Game seed: 8408173551011790271

60 jagang the Slasher (level 4, -9/35 HPs)
             Began as a Human Monk on Dec 28, 2023.
             Mangled by a sleepcap (12 damage)
             ... on level 3 of the Dungeon.
             The game lasted 00:03:14 (1912 turns).

jagang the Slasher (Human Monk)                     Turns: 1912, Time: 00:03:14

Health: -9/35      AC:  5    Str: 11    XL:     4   Next: 24%
Magic:  4/4        EV:  2    Int: 11    God:
Gold:   6          SH:  0    Dex: 17    Spells: 3/3 levels left

rFire   . . .        a - +0 falchion
rCold   . . .        d - orb {light}
rNeg    . . .        j - +0 ring mail
rPois   .            (no helmet)
rElec   .            (no cloak)
rCorr   .            (no gloves)
SInv    .            (no boots)
Will    .....        (no amulet)
Stlth   +            (no ring)
HPRegen 0.25/turn    (no ring)
MPRegen 0.09/turn

%: no passive effects
@: sleeping, glowing
A: no striking features
a: no special abilities


You were on level 3 of the Dungeon.
You visited 1 branch of the dungeon, and saw 3 of its levels.

You collected 78 gold pieces.
You spent 72 gold pieces at shops.

Inventory:

Hand Weapons
 a - a +0 falchion (weapon)
Missiles
 g - 2 curare-tipped darts (quivered)
Armour
 b - a +0 robe
 d - an orb of light (worn)
 j - a +0 ring mail (worn)
Jewellery
 l - a ring of protection from cold
Wands
 k - a wand of charming (4)
Scrolls
 f - a scroll of amnesia
 m - 2 scrolls of fog
 o - a scroll of blinking {unknown}
 s - a scroll of magic mapping {unknown}
 t - a scroll of torment {unknown}
Potions
 c - a potion of ambrosia
 e - 2 potions of haste {unknown}
 h - a potion of flight {unknown}
 i - 2 potions of attraction {unknown}
 p - a potion of mutation {unknown}
 q - a potion of brilliance {unknown}
 r - a potion of lignification {unknown}


   Skills:
 + Level 3.5 Fighting
 + Level 3.5 Long Blades
 + Level 1.4 Throwing
 + Level 1.5 Armour
 - Level 3.0 Dodging


You had 3 spell levels left.
You didn't know any spells.
Your spell library was empty.

Dungeon Overview and Level Annotations

Branches:
Dungeon (3/15)

Altars:
Xom

Shops:
D:2 :?


Message History

The orc hits you but does no damage.
You completely miss the orc priest. The orc hits you with a +0 club.
The orc hits you with a +0 war axe.
The orc priest hits you with a +0 short sword.
The orc barely misses you. The orc hits you with a +0 war axe!
Unknown command.
You hit the orc priest.
The orc priest is lightly wounded.
The orc hits you with a +0 club.
* * * LOW HITPOINT WARNING * * *
The orc hits you with a +0 war axe.
* * * LOW HITPOINT WARNING * * *
The orc priest closely misses you. The orc closely misses you.
You hit the orc priest.
The orc priest is heavily wounded.
The orc hits you but does no damage. The orc completely misses you.
The orc priest looks braver for a moment.
The orc hits you with a +0 dagger.
* * * LOW HITPOINT WARNING * * *
You hit the orc priest but do no damage.
The orc priest is heavily wounded.
The orc hits you but does no damage. The orc hits you with a +0 war axe.
* * * LOW HITPOINT WARNING * * *
The orc priest misses you. The orc hits you but does no damage.
Okay, then.
As you read the scroll of fear, it crumbles to dust.
You assume a fearsome visage.
The sleepcap is unaffected.
The orc looks frightened!
The orc priest looks frightened!
The orc looks frightened! x3
You completely miss the sleepcap.
The sleepcap is heavily damaged.
The sleepcap closely misses you.
You hit the sleepcap.
The sleepcap is severely damaged.
The sleepcap releases spores at you.
* * * LOW HITPOINT WARNING * * *
You are engulfed in a cloud of soporific spores!
You fall asleep.
The sleepcap releases spores at you!
You die...

################
##.............o###
#.........@........
#.#.##.#.##f###.##
###.#.##.#.##.###.###
###.....##........oo...
....###.##.#o#.##.###.##
..... #....#....o.......
.......
#.##.#.#.#f##.#.##
........#.##..o#........
........#)##.#...?..#.#..


You could see a sleepcap and an orc (fleeing).

Vanquished Creatures
  2 adders
  2 orcs (D:3)
  8 ball pythons
  3 endoplasms
  4 goblins
  3 hobgoblins
  4 kobolds
  2 quokkas (D:1)
  3 bats
  4 frilled lizards
  8 rats
43 creatures vanquished.

Notes
Turn   | Place    | Note
-------+----------+-------------------------------------------
     0 | D:1      | jagang the Human Monk began the quest for the Orb.
     0 | D:1      | Reached XP level 1. HP: 18/18 MP: 1/1
   393 | D:1      | Reached XP level 2. HP: 21/24 MP: 2/2
  1003 | D:2      | Reached skill level 1 in Armour
  1202 | D:2      | Found a shimmering altar of Xom.
  1267 | D:2      | Found Ute Ewku's Magic Scroll Emporium.
  1279 | D:2      | Reached XP level 3. HP: 29/29 MP: 3/3
  1334 | D:2      | Found Qukkudgha's Book Emporium.
  1466 | D:2      | Reached skill level 1 in Throwing
  1576 | D:2      | Found Gamaepha's Magic Scroll Emporium.
  1585 | D:2      | Bought a scroll of identify for 24 gold pieces
  1585 | D:2      | Bought a scroll of identify for 24 gold pieces
  1585 | D:2      | Bought a scroll of identify for 24 gold pieces
  1826 | D:3      | Reached XP level 4. HP: 35/35 MP: 4/4
  1912 | D:3      | Mangled by a sleepcap

Illustrated notes

Levels and vault maps discovered:
D:1:      shiori_arrival_elements, layout_basic
D:2:      layout_basic, serial_shops, nicolae_shop_hallway_plus, shop,
          nicolae_shop_statue_plus, basic_altar
D:3:      layout_rooms, lemuel_tele_altar, lemuel_round_altar,
          mainiacjoe_overflow_alcove_1, biasface_ghost_orc_armoury,
          grunt_ministairs_13, minmay_diced_spiral

Skill      XL: |  1  2  3 |
---------------+----------+-----
Armour         | 1 |  1.5
Throwing       | 1 |  1.4
Fighting       | |  3.5
Long Blades    | |  3.5
Dodging        | |  3.0

Action                     |  1- 3 |  4- 6 || total
---------------------------+-------+-------++-------
  Melee: Falchion          |    72 |    34 ||   106
    Use: Scroll            |     3 |     1 ||     4
 Armour: Robe              |     4 |       ||     4
         Ring mail         |    21 |    13 ||    34
  Dodge: Dodged            |    29 |    22 ||    51
